Map: Dasan Station LE

Players

Fropez

  • Race: Protoss Protoss
  • League: Gold
  • Spawn Location: 6:00

MoNtEcRiStO - Winner!

  • Race: Zerg Zerg
  • League: Gold
  • Spawn Location: 12:00

VOD

Have the link to the VOD?

Description

Time

  • Played on: Aug. 19, 2016, 3:14 p.m.
  • Length: 9:46
Show
View Real Time Build Order
Export as new Build Order

Fropez Protoss 

Build Orders:  

Get SALT Encoding   

  12  0:15  Pylon, Probe (Chrono Boost)  
  13  0:26  Probe (Chrono Boost)  
  14  0:34  Gateway  
  14  0:40  Pylon  
  15  0:43  Probe (Chrono Boost)  
  15  0:53  Probe (Chrono Boost)  
  15  0:55  Pylon  
  16  1:04  Probe (Chrono Boost)  
  17  1:05  Assimilator  
  17  1:14  Probe (Chrono Boost)  
  18  1:21  Cybernetics Core  
  18  1:25  Probe (Chrono Boost)  
  19  1:29  Pylon  
  19  1:36  Probe (Chrono Boost)  
  20  1:40  Assimilator  
  20  1:46  Probe (Chrono Boost)  
  20  1:47  Zealot  
  23  1:57  Warp Gate (Chrono Boost)  
  23  2:20  Nexus  
  23  2:24  Probe  
  24  2:35  Gateway  
  24  2:42  Mothership Core  
  26  3:00  Pylon  
  26  3:01  Pylon  
  26  3:03  Probe  
  27  3:15  Probe  
  28  3:27  Probe  
  29  3:36  Probe, Robotics Facility  
  29  3:38  Robotics Facility  
  30  3:45  Probe  
  31  4:08  Pylon  
  31  4:09  Probe  
  32  4:10  Probe  
  32  4:13  Gateway  
  33  4:17  Gateway  
  33  4:20  Probe  
  33  4:21  Probe  
  35  4:28  Warp Prism  
  38  4:31  Observer  
  38  4:44  Probe x2  
  40  4:47  Pylon  
  40  4:49  Assimilator  
  40  4:54  Assimilator  
  40  4:56  Gateway  
  40  5:04  Probe  
  40  5:05  Gateway  
  41  5:07  Pylon  
  41  5:13  Probe  
  42  5:30  Robotics Bay  
  42  5:40  Pylon, Gateway  
  42  5:41  Immortal  
  46  5:44  Immortal  
  50  6:06  Adept  
  50  6:07  Adept x3  
  50  6:08  Adept  
  60  6:24  Extended Thermal Lance (Chrono Boost)  
  60  6:37  Adept  
  60  6:38  Adept x2  
  60  6:39  Adept  
  68  6:40  Adept  
  70  6:49  Probe  
  70  6:51  Probe  
  72  7:02  Probe  
  72  7:03  Probe  
  74  7:14  Adept, Probe  
  74  7:15  Adept x2, Probe  
  79  7:16  Adept  
  66  7:38  Stalker x3  
  66  7:39  Stalker x2  
  72  7:46  Probe x2  
  66  7:58  Probe x2  
  60  8:07  Stalker x2  
  60  8:10  Probe  
  64  8:21  Zealot x2  
  67  8:31  Stalker  
  67  8:32  Stalker  
  71  8:40  Mothership Core (Chrono Boost)  
  45  9:00  Stalker x2  
  43  9:28  Zealot  
  43  9:29  Zealot x2  
Show
View Real Time Build Order
Export as new Build Order

MoNtEcRiStO Zerg - Winner!

Build Orders: Hatch First 

Get SALT Encoding   

  12  0:01  Drone  
  13  0:10  Drone  
  14  0:23  Extractor, Drone  
  15  0:28  Overlord  
  15  1:00  Hatchery  
  15  1:02  Spawning Pool  
  15  1:03  Drone  
  14  1:23  Drone  
  14  1:24  Drone x2  
  17  1:34  Drone  
  18  1:43  Extractor  
  17  1:49  Overlord  
  17  1:51  Queen  
  19  2:23  Drone x3  
  19  2:24  Extractor, Drone x2  
  23  2:34  Queen  
  27  2:39  Drone  
  26  2:46  Drone x3  
  34  3:05  Drone x5  
  34  3:14  Drone x2  
  34  3:18  Extractor  
  34  3:19  Extractor, Lair  
  34  3:56  Drone  
  34  3:59  Drone  
  34  4:00  Overlord x5  
  36  4:09  Spore Crawler  
  35  4:10  Spore Crawler  
  35  4:12  Spore Crawler  
  35  4:16  Spore Crawler x2  
  31  4:45  Overseer  
  31  4:47  Overseer  
  31  4:51  Drone x11  
  42  5:00  Spire  
  41  5:08  Drone  
  41  5:09  Drone x2  
  44  5:33  Overlord x2  
  44  5:34  Overlord x2  
  44  6:12  Zerg Flyer Weapons Level 1  
  44  6:13  Mutalisk x4  
  44  6:14  Mutalisk x6  
  44  6:15  Mutalisk x2  
  68  6:23  Roach Warren  
  67  6:37  Mutalisk x4  
  75  6:44  Mutalisk  
  77  6:51  Mutalisk  
  77  6:52  Mutalisk  
  80  7:34  Roach  
  80  7:35  Roach x11  
  73  7:48  Roach x2  
  61  8:16  Roach  
  61  8:17  Mutalisk x2  
  59  8:49  Drone x2  
Tags
 
League
GoldGold
Matchup
PvZ
Replay Pack
All Mines
Spawn Locations
Cross Positions
Add a new tag
Caveats
  • Supply blocks, unpowered buildings, or Contaminate may cause inaccurate times.
  • Supply counts are checked every 10 seconds.